 Dungeon Crawl Stone Soup version 0.28-a0-556-gab23d0e057 (webtiles) character file.

Game seed: 5350445601609259997

3348 kae the Cleaver (level 10, 0/93 HPs)
             Began as a Hill Orc Fighter on Sept 28, 2021.
             Was an Initiate of Qazlal.
             Slain by a thrashing horror (1 damage)
             ... on level 1 of the Abyss.
             The game lasted 00:06:39 (8582 turns).

kae the Cleaver (Hill Orc Fighter)                  Turns: 8582, Time: 00:06:40

Health: 0/93       AC:  8    Str: 35    XL:     10   Next: 2%
Magic:  11/11      EV: 10    Int:  8    God:    Qazlal [......]
Gold:   302        SH:  5    Dex: 10    Spells: 9/9 levels left

rFire   . . .      SeeInvis .   y - +0 battleaxe (freeze)
rCold   . . .      Faith    .   (shield currently unavailable)
rNeg    . . .      Spirit   .   b - +0 scale mail
rPois   .          Reflect  +   (no helmet)
rElec   .          Harm     .   (no cloak)
rCorr   .          Rampage  .   t - +0 pair of gloves
Will    .....                   (no boots)
Stlth   ..........              e - amulet of reflection
HPRegen 0.25/turn               x - +6 ring of strength
MPRegen 0.12/turn               n - +6 ring of strength

@: no status effects
A: no striking features
a: Renounce Religion


You were on level 1 of the Abyss.
You worshipped Qazlal.
Qazlal was noncommittal.
You visited 1 branch of the dungeon, and saw 8 of its levels.
You visited the Abyss 1 time.

You collected 452 gold pieces.
You spent 150 gold pieces at shops.

Inventory:

Hand Weapons
 a - a +2 war axe of draining
 y - a +0 battleaxe of freezing (weapon)
Armour
 b - a +0 scale mail (worn)
 c - a +0 buckler
 t - a +0 pair of gloves (worn)
Jewellery
 e - an amulet of reflection (around neck)
 h - a ring of fire
 l - a +6 ring of intelligence
 n - a +6 ring of strength (right hand)
 o - an amulet of faith
 x - a +6 ring of strength (left hand)
Wands
 s - a wand of digging (8)
 u - a wand of flame (17)
Scrolls
 f - 4 scrolls of teleportation
 k - a scroll of amnesia
 q - 5 scrolls of identify
 r - 2 scrolls of brand weapon
 v - a scroll of fear
Potions
 d - a potion of might
 g - 3 potions of haste
 i - a potion of ambrosia
 j - 2 potions of berserk rage
 m - 7 potions of curing
 p - a potion of attraction
 w - a potion of resistance
 z - a potion of heal wounds


   Skills:
 + Level 10.1 Fighting
 * Level 14.5 Axes
 - Level 3.2 Armour
 - Level 3.2 Shields
 + Level 2.6 Invocations


You had 9 spell levels left.
You didn't know any spells.
Your spell library contained the following spells:

 Spells                   Type           Power      Damage    Failure   Level
 Sublimation of Blood     Necr           0%         N/A       77%         2
 Wereblood                Tmut           0%         N/A       77%         2
 Conjure Flame            Conj/Fire      0%         6-21      94%         3
 Ignite Poison            Fire/Tmut/Pois 0%         N/A       94%         3
 Sticky Flame             Conj/Fire      0%         2d3       100%        4
 Summon Hydra             Summ           0%         N/A       100%        7


Dungeon Overview and Level Annotations

Branches:
Dungeon (8/15)             Temple (0/1) D:7
   Lair: D:8-11

Altars:
Ashenzari
Cheibriados
Dithmenos
Gozag
Qazlal
Sif Muna
Trog
Xom
Yredelemnul

Shops:
D:4 **

Annotations:
D:8 exclusions: ice statue and obsidian statue, Psyche


Message History

* * * LOW HITPOINT WARNING * * *
Something hits you but does no damage.
You are cast into the Abyss!
This branch contains the abyssal rune of Zot.
Reactivating autopickup.
Found 58 gold pieces, a falchion and a hunting sling.
Unknown command.
Unknown command.
You feel much better.
You now have 302 gold pieces (gained 58).
You start resting.
A thrashing horror comes into view.
The thrashing horror roars!
The thrashing horror tramples you.
* * * LOW HITPOINT WARNING * * *
You stumble backwards!
The thrashing horror tramples you.
* * * LOW HITPOINT WARNING * * *
You hold your ground!
The thrashing horror tramples you but does no damage.
The thrashing horror barely misses you. x2
You barely miss the thrashing horror. The thrashing horror tramples you!
* * * LOW HITPOINT WARNING * * *
You hold your ground!
The thrashing horror tramples you.
* * * LOW HITPOINT WARNING * * *
You stumble backwards!
You hit the thrashing horror but do no damage.
The thrashing horror tramples you.
* * * LOW HITPOINT WARNING * * *
You stumble backwards!
The thrashing horror roars!
The thrashing horror closely misses you.
The thrashing horror tramples you but does no damage.
The thrashing horror tramples you.
* * * LOW HITPOINT WARNING * * *
You hold your ground!
The thrashing horror barely misses you.
The thrashing horror tramples you but does no damage.
The thrashing horror closely misses you.
The thrashing horror barely misses you. The thrashing horror tramples you.
You die...

#.... #.# #
##.......## ..
.........# ...
.......# # .#..
......##.# .....
........
#.....####.#..#
#........X..#
........@..##.#.
...........).....
...........#....#.
.....)...#.#......
.........#.. .....
.....###...#.##...
..... ....#.. ...
... ..... .# . ...


You could see a thrashing horror.

Vanquished Creatures
  A wyvern (D:8)
  3 yaks (D:7)
  A steam dragon (D:8)
  Duvessa (D:4)
  A black bear (D:8)
  2 ice beasts
  3 necrophages
  6 ogres
  Blork the orc (D:5)
  2 kobold brigands
  3 bullfrogs
  2 gnoll sergeants
  2 scorpions
  Dowan (D:4)
  A water moccasin skeleton (D:6)
  A jelly (D:8)
  2 howler monkeys
  A centaur zombie (D:4)
  4 hounds
  An orc priest (D:5)
  A bullfrog skeleton (D:4)
  2 iguanas
  2 orc wizards
  A scorpion zombie (D:5)
  9 gnolls
  A howler monkey skeleton (D:5)
  8 adders
  2 adder skeletons
  2 worms (D:2)
  A dart slug (D:4)
  14 orcs
  6 ball pythons
  6 endoplasms
  7 giant cockroaches
  15 goblins
  12 hobgoblins
  2 quokkas
  6 bats
  2 frilled lizards
  16 kobolds
  9 rats
163 creatures vanquished.

Notes
Turn   | Place    | Note
-------+----------+-------------------------------------------
     0 | D:1      | kae the Hill Orc Fighter began the quest for the Orb.
     0 | D:1      | Reached XP level 1. HP: 19/19 MP: 1/1
    22 | D:1      | Reached skill level 3 in Axes
    60 | D:1      | Reached XP level 2. HP: 27/27 MP: 2/2
   397 | D:1      | Found a faded altar of an unknown god.
   871 | D:1      | Reached skill level 4 in Axes
   991 | D:2      | Reached XP level 3. HP: 29/33 MP: 3/3
  1140 | D:2      | Reached XP level 4. HP: 25/41 MP: 4/4
  1502 | D:2      | Reached skill level 5 in Axes
  2020 | D:2      | Reached XP level 5. HP: 41/47 MP: 5/5
  2301 | D:3      | Found a bloodstained altar of Trog.
  2542 | D:3      | Found a shadowy altar of Dithmenos.
  2561 | D:3      | Found a basalt altar of Yredelemnul.
  2788 | D:4      | Reached skill level 5 in Fighting
  2788 | D:4      | Reached skill level 6 in Axes
  2919 | D:4      | Reached XP level 6. HP: 25/56 MP: 6/6
  3144 | D:4      | Found Jaamel's Specific Store.
  3157 | D:4      | Noticed a necrophage
  3158 | D:4      | Found Dorac's General Store.
  3168 | D:4      | Killed a necrophage
  3169 | D:4      | Reached skill level 7 in Axes
  3209 | D:4      | Bought a potion of curing for 36 gold pieces
  3209 | D:4      | Bought a scroll of identify for 24 gold pieces
  3209 | D:4      | Bought a scroll of enchant weapon for 90 gold pieces
  3313 | D:4      | Reached skill level 8 in Axes
  3313 | D:4      | Reached XP level 7. HP: 20/63 MP: 7/7
  3598 | D:4      | Found a snail-covered altar of Cheibriados.
  3713 | D:4      | Noticed Duvessa
  3713 | D:4      | Noticed Dowan
  3724 | D:4      | Killed Duvessa
  3725 | D:4      | Reached skill level 9 in Axes
  4080 | D:4      | Killed Dowan
  4425 | D:5      | Entered Level 5 of the Dungeon
  4434 | D:5      | Reached XP level 8. HP: 69/73 MP: 8/8
  4523 | D:5      | Found an opulent altar of Gozag.
  4589 | D:5      | Reached skill level 10 in Axes
  5386 | D:5      | Noticed Blork the orc
  5390 | D:5      | Killed Blork the orc
  5391 | D:5      | Reached skill level 11 in Axes
  5422 | D:5      | Found a broken altar of Ashenzari.
  6037 | D:6      | Reached skill level 12 in Axes
  6078 | D:6      | Reached XP level 9. HP: 81/82 MP: 9/9
  6463 | D:6      | Identified the +0 ring mail of Summertime {*Slow rCorr
                  | Int+9}
  7000 | D:7      | Reached skill level 13 in Axes
  7214 | D:7      | Found a shimmering blue altar of Sif Muna.
  7323 | D:7      | Found a shimmering altar of Xom.
  7488 | D:7      | Found a stormy altar of Qazlal.
  7503 | D:7      | Became a worshipper of Qazlal Stormbringer
  7805 | D:7      | Found a staircase to the Ecumenical Temple.
  7856 | D:8      | Noticed an obsidian statue
  7876 | D:8      | Noticed a hellwing
  7877 | D:8      | Noticed a rust devil
  7902 | D:8      | Reached skill level 14 in Axes
  7902 | D:8      | Reached skill level 1 in Invocations
  8207 | D:8      | Reached skill level 10 in Fighting
  8325 | D:8      | Reached XP level 10. HP: 79/93 MP: 11/11
  8527 | D:8      | Noticed an ice statue
  8557 | D:8      | Noticed Psyche
  8563 | D:8      | Cast into level 1 of the Abyss (Psyche)
  8573 | Abyss:1  | Noticed a thrashing horror
  8578 | Abyss:1  | HP: 3/93 [thrashing horror (5)]
  8581 | Abyss:1  | HP: 1/93 [thrashing horror (3)]
  8582 | Abyss:1  | Slain by a thrashing horror

Illustrated notes

Levels and vault maps discovered:
D:1:      lightli_arrival_chessboard, layout_basic,
          shapermc_ecumenical_altar_mp_highgroup, dk_noncrumbling_3
D:2:      cheibrodos_greedy_goblins, layout_loops_ring, st_stairs_10,
          dk_vineyard_2, minmay_pentomino_x4
D:3:      layout_basic, nicolae_overflow_crystal_walls, jmf_multi_god_temple
D:4:      layout_loops_ring, kennysheep_slug_shrine, nicolae_specific_store,
          uniq_duvessa
D:5:      layout_rooms, grunt_gozag_statues, mainiacjoe_overflow_24_doors,
          uniq_blork_the_orc
D:6:      layout_basic
D:7:      layout_basic, mainiacjoe_overflow_alcove_1,
          mainiacjoe_overflow_big_doors, minmay_temple_entry_fiery,
          hangedman_decor_opposing
D:8:      minmay_separated_statues, layout_basic, mainiacjoe_overflow_catwalk,
          uniq_psyche
Abyss:1:  base:
D:8

Skill      XL: |  1  2  3  4  5  6  7  8  9 |
---------------+----------------------------+-----
Axes           | 3 4 5 6 8 9 12 14 | 14.5
Fighting       | 4 5 6 7 8 10 | 10.1
Invocations    | 2 |  2.6
Armour         | |  3.2
Shields        | |  3.2

Action                   |  1- 3 |  4- 6 |  7- 9 | 10-12 || total
-------------------------+-------+-------+-------+-------++-------
Melee: War axe           |    58 |   165 |   165 |       ||   388
       Battleaxe         |       |       |    71 |     8 ||    79
Evoke: Wand              |       |       |       |     3 ||     3
  Use: Scroll            |     3 |     4 |    10 |     1 ||    18
       Potion            |       |     1 |     2 |     1 ||     4
Armor: Scale mail        |    17 |    51 |    47 |     7 ||   122
Dodge: Dodged            |    27 |    67 |    81 |     7 ||   182
Block: Buckler           |    13 |    46 |    66 |       ||   125
       Reflection        |       |     1 |     4 |       ||     5
       Other             |       |       |    17 |       ||    17

Table legend: (Time is in decaauts)
 A = Elapsed time spent in this place.
 B = Non-inter-level travel time spent in this place.
 C = Inter-level travel time spent in this place.
 D = Time resting spent in this place.
 E = Time spent auto-exploring this place.
 F = Levels seen in this place.
 G = Mean time per level.
                   A        B        C        D        E       F      G
               +--------+--------+--------+--------+--------+-----+--------+
         Total |   8638 |   8352 |    286 |   1056 |   6159 |   9 |  959.8 |
       Dungeon |   8620 |   8334 |    286 |   1050 |   6159 |   8 | 1077.5 |
         Abyss |     18 |     18 |      0 |      6 |      0 |   1 |   18.0 |
               +--------+--------+--------+--------+--------+-----+--------+

Top non-repeatable levels by time:
     D:4: 1845 daAuts
     D:6: 1182 daAuts
     D:2: 1163 daAuts
     D:7: 1034 daAuts
     D:5: 1002 daAuts
     D:1: 995 daAuts
     D:8: 731 daAuts
     D:3: 665 daAuts
 Abyss:1: 18 daAuts
